 Dungeon Crawl Stone Soup version 0.24.0-13-gcf9b3192b9 (webtiles) character file.

Game seed: 5940419336662218382, levelgen mode: deterministic

149341 Delamore the Executioner (level 17, -14/166 HPs)
             Began as a Hill Orc Fighter on Nov 9, 2019.
             Was the Champion of Qazlal.
             Demolished by an ettin
             ... wielding a +0 great mace
              (27 damage)
             ... while paralysed by a great orb of eyes
             ... on level 2 of the Depths on Nov 10, 2019.
             The game lasted 01:36:08 (30513 turns).

Delamore the Executioner (Hill Orc Fighter)        Turns: 30513, Time: 01:36:09

Health: -14/166    AC: 34    Str: 29    XL:     17   Next: 51%
Magic:  19/22      EV:  2    Int:  8    God:    Qazlal [******]
Gold:   2219       SH:  0    Dex: 10    Spells: 16/16 levels left

rFire    . . .     SeeInvis +   W - +1 battleaxe (flame)
rCold    + . .     Gourm    .   (shield currently unavailable)
rNeg     . . .     Faith    .   Y - +4 plate armour of Shielding {Str+3}
rPois    +         Spirit   .   V - +0 helmet
rElec    .         Reflect  +   s - +2 cloak {+Inv}
rCorr    .         Harm     .   (no gloves)
MR       +....                  T - +2 pair of boots {run}
Stlth    ..........             m - +5 amulet of reflection
HPRegen  0.37/turn              (no ring)
MPRegen  0.18/turn              w - ring "Dywk" {rPois rC+ SInv}

@: paralysed, protected from physical damage, repel missiles, quick
A: no striking features
a: Upheaval, Elemental Force, Disaster Area, Renounce Religion, Evoke
Invisibility


You were on level 2 of the Depths.
You worshipped Qazlal.
Qazlal was exalted by your worship.
You were very hungry.

You visited 7 branches of the dungeon, and saw 30 of its levels.
You visited the Abyss 1 time.
You also visited: Bailey and Ice Cave.

You collected 2931 gold pieces.
You spent 712 gold pieces at shops.

Inventory:

Hand Weapons
 W - a +1 battleaxe of flaming (weapon)
Missiles
 t - 5 silver boomerangs
 L - a throwing net (quivered)
 Z - 8 javelins
Armour
 d - the +27 Lear's hauberk
   (You found it on level 6 of the Lair of Beasts)
 j - the +0 chain mail of Impermeability {rElec rPois Dex-4 Stlth+}
   (You found it in an ice cave)

   It affects your dexterity (-4).
   It insulates you from electricity.
   It protects you from poison.
   It makes you more stealthy.
 s - a +2 cloak of invisibility (worn)
 F - a +2 scale mail of magic resistance
 P - the +0 pair of boots of the Guild-Master {rElec MR++ Dex+3}
   (You bought it in a shop on level 4 of the Dungeon)

   It affects your dexterity (+3).
   It insulates you from electricity.
   It affects your resistance to hostile enchantments.
 T - a +2 pair of boots of running (worn)
 V - a +0 helmet (worn)
 Y - the +4 plate armour of Shielding (worn) {Str+3}
   (You found it on level 6 of the Lair of Beasts)

   It affects your strength (+3).
Jewellery
 g - an uncursed ring of protection from fire
 m - a +5 amulet of reflection (around neck)
 p - an uncursed amulet of harm
 u - an uncursed ring of resist corrosion
 w - the ring "Dywk" (right hand) {rPois rC+ SInv}
   (You bought it in a shop on level 4 of the Dungeon)

   [ring of poison resistance]

   It protects you from cold.
   It protects you from poison.
   It lets you see invisible.
 I - an uncursed ring of positive energy
 J - an uncursed ring of magical power
 M - the macabre finger necklace {rN+}
   (You found it on level 13 of the Dungeon)

   [amulet of nothing]

   It protects you from negative energy.
Wands
 c - a wand of disintegration (12)
 n - a wand of acid (20)
 q - a wand of scattershot (13)
 y - a wand of paralysis (37)
 B - a wand of random effects (73)
 D - a wand of digging (6)
Scrolls
 a - 4 scrolls of magic mapping
 k - 9 scrolls of remove curse
 r - a scroll of blinking
 A - 6 scrolls of identify
 E - 10 scrolls of teleportation
 G - 12 scrolls of enchant armour
 H - 4 scrolls of fog
 K - 6 scrolls of fear
 N - a scroll of enchant weapon
 U - a scroll of summoning
Potions
 b - 3 potions of might
 e - 7 potions of curing
 h - 3 potions of mutation
 i - 2 potions of agility {unknown}
 l - 6 potions of heal wounds
 o - 3 potions of resistance
 v - 3 potions of cancellation {unknown}
 x - 2 potions of invisibility
 z - 6 potions of ambrosia
 C - 5 potions of flight
 O - a potion of brilliance
 Q - a potion of magic
 R - a potion of berserk rage {unknown}
 S - 4 potions of haste
Comestibles
 f - 43 rations


   Skills:
 - Level 18.4 Fighting
 * Level 21.4 Axes
 - Level 17.1 Armour
 * Level 7.2 Dodging
 - Level 0.6 Stealth
   Level 3.2 Shields
 * Level 7.5 Evocations


You had 16 spell levels left.
You didn't know any spells.
Your spell library contained the following spells:

 Spells                   Type           Power        Failure   Level  Hunger
 Animate Skeleton         Necr           N/A          91%         1    ##.....
 Beastly Appendage        Tmut           #.....       91%         1    ##.....
 Magic Dart               Conj           #...         91%         1    ##.....
 Pain                     Necr           #...         91%         1    ##.....
 Sandblast                Erth           #.....       91%         1    ##.....
 Blink                    Tloc           N/A          97%         2    ###....
 Call Imp                 Summ           #.......     97%         2    ###....
 Passwall                 Tmut/Erth      #.......     97%         2    ###....
 Poisonous Vapours        Pois/Air       #.....       97%         2    ###....
 Searing Ray              Conj           #.....       97%         2    ###....
 Slow                     Hex            #.......     97%         2    ###....
 Sticks to Snakes         Tmut           #.......     97%         2    ###....
 Conjure Flame            Conj/Fire      #.......     100%        3    ####...
 Dazzling Spray           Conj/Hex       #.....       100%        3    ####...
 Mephitic Cloud           Conj/Pois/Air  #.......     100%        3    ####...
 Recall                   Summ/Tloc      N/A          100%        3    ####...
 Regeneration             Chrm/Necr      #.........   100%        3    ####...
 Spider Form              Tmut/Pois      #.........   100%        3    ####...
 Stone Arrow              Conj/Erth      #.....       100%        3    ####...
 Vampiric Draining        Necr           #.........   100%        3    ####...
 Animate Dead             Necr           N/A          100%        4    #####..
 Force Lance              Conj/Tloc      #.......     100%        4    #####..
 Fulminant Prism          Conj/Hex       #.........   100%        4    #####..
 Ice Form                 Ice/Tmut       #.......     100%        4    #####..
 Iskenderun's Mystic Bla  Conj           #.......     100%        4    #####..
 Petrify                  Tmut/Erth      #.......     100%        4    #####..
 Aura of Abjuration       Summ           #.........   100%        5    ######.
 Blade Hands              Tmut           #.........   100%        5    ######.
 Bolt of Magma            Conj/Fire/Erth #.........   100%        5    ######.
 Iskenderun's Battlesphe  Conj/Chrm      #.......     100%        5    ######.
 Lee's Rapid Deconstruct  Erth           #.........   100%        5    ######.
 Summon Demon             Summ           #.........   100%        5    ######.
 Summon Forest            Summ/Tloc      #.........   100%        5    ######.
 Summon Mana Viper        Hex/Summ       #.......     100%        5    ######.
 Venom Bolt               Conj/Pois      #.........   100%        5    ######.
 Freezing Cloud           Conj/Ice/Air   #.........   100%        6    #######
 Iron Shot                Conj/Erth      #.........   100%        6    #######
 Shadow Creatures         Summ           N/A          100%        6    #######
 Orb of Destruction       Conj           #.........   100%        7    #######
 Ring of Flames           Chrm/Fire      #.........   100%        7    #######
 Spellforged Servitor     Conj/Summ      #.........   100%        7    #######


Dungeon Overview and Level Annotations

Branches:
Dungeon (15/15)            Temple (1/1) D:5            Lair (6/6) D:9
 Shoals (0/4) Lair:4       Spider (3/4) Lair:3        Slime (1/5) Lair:5
    Orc (2/2) D:9             Elf (0/3) Orc:2        Vaults (0/5) D:13
 Depths (2/5) D:15         Bailey (visited)           IceCv (visited)

Altars:
Ashenzari
Cheibriados
Dithmenos
Elyvilon
Fedhas
Gozag
Hepliaklqana
Kikubaaqudgha
Makhleb
Nemelex Xobeh
Okawaru
Qazlal
Sif Muna
Trog
Uskayaw
Vehumet
Xom
Yredelemnul
Zin
The Shining One
Beogh
Jiyva
Lugonu

Shops:
D:4 *   D:8 [}   D:12 (   Orc:2 (*:[

Portals:
Hell: Depths:1
Abyss: Depths:1

Annotations:
D:11 2 runed translucent doors, Ofeo's ghost, journeyman DDFi
Spider:3 Arachne


Message History

The ettin hits you with a +0 great mace!
The great orb of eyes bites you.
You hear two shouts!
The ettin hits you with a +0 great mace!
* * * LOW HITPOINT WARNING * * *
The ettin hits you with a +0 great mace.
* * * LOW HITPOINT WARNING * * *
You feel more protected from physical attacks.
The great orb of eyes bites you but does no damage.
The ettin is engulfed in freezing vapours.
The ettin hits you with a +0 great mace!
* * * LOW HITPOINT WARNING * * *
The ettin hits you but does no damage. The great orb of eyes bites you!
* * * LOW HITPOINT WARNING * * *
You feel more protected from physical attacks.
You hear a shout!
The great orb of eyes bites you but does no damage.
The ettin is engulfed in freezing vapours.
The ettin hits you with a +0 great mace!!
You die...

######
#..°.##
#G$..##
#...C.#@C§.#
..⌠.(CG#)○.#
......°.#..(#
......O.#...#
.⌠...⌠..#..!#
........#...#
........#..?#
..⌠.⌠..#...##
...#


You could see a great orb of eyes, 2 ettins, a glowing orange brain and an ogre
mage.

Vanquished Creatures
  Jorgrun (D:15)
  Kirke (D:12)
  The ghost of Vulpy the Warrior, a journeyman MiBe of Trog (D:13)
  A fire giant (Depths:1)
  A frost giant (Depths:2)
  Louise (D:15)
  2 orc warlords
  An emperor scorpion (Spider:2)
  An angel (D:14)
  2 entropy weavers (Lair:4)
  A spark wasp (Depths:2)
  An ettin (Orc:2)
  A fire dragon (D:15)
  2 ogre magi
  8 hydras
  A great orb of eyes (Depths:1)
  3 rakshasas (Depths:1)
  2 ice dragons
  Harold (D:9)
  8 two-headed ogres
  7 centaur warriors
  2 dancing weapons (D:14)
  Erica (D:8)
  A deep troll shaman (Depths:1)
  A tengu warrior (D:14)
  2 orc high priests
  A deep troll earth mage (Depths:1)
  A queen ant (Lair:4)
  Urug (D:11)
  Sonja (D:11)
  Nergalle (Orc:2)
  A soul eater (Depths:1)
  A salamander mystic (Depths:1)
  A glowing orange brain (D:15)
  2 wizards
  3 deep trolls (Depths:1)
  7 orc knights
  9 wolf spiders
  A necromancer (D:13)
  7 orb spiders
  2 deep elf magi (D:15)
  13 ugly things
  5 manticores
  An oklob plant (Lair:1)
  2 orc sorcerers
  A cyclops (D:13)
  6 elephants (Lair:3)
  3 salamanders (Depths:1)
  6 black mambas
  A black mamba (shapeshifter) (Depths:1)
  A torpor snail (Spider:1)
  3 ice statues (IceCv)
  11 spiny frogs
  2 gargoyles
  3 kobold demonologists (D:12)
  5 centaur skeletons
  16 rime drakes
  An anaconda simulacrum (Lair:2)
  7 komodo dragons
  2 efreet
  A freezing wraith (D:15)
  A yaktaur (shapeshifter) (D:13)
  6 demonic crawlers
  6 trolls
  10 polar bears (Lair:6)
  A red devil (Depths:1)
  2 jumping spiders (shapeshifter) (D:13)
  25 jumping spiders
  6 blink frogs
  A hornet (D:11)
  2 dream sheep (D:10)
  6 slime creatures
  14 hippogriffs
  4 raiju (Lair:6)
  Prince Ribbit (D:5)
  2 meliai zombies
  3 water elementals (Depths:1)
  A shadow (D:15)
  9 tarantellas (Spider:1)
  A wyvern (D:15)
  A human (D:12)
  40 redbacks
  2 fire bats
  Grum (D:11)
  A hog (D:12)
  36 yaks
  A basilisk (Lair:4)
  8 steam dragons (Lair:3)
  7 vampire mosquitoes
  2 hungry ghosts
  19 soldier ants (Lair:4)
  6 wargs (Lair:6)
  An acid dragon (Lair:3)
  10 water moccasins
  11 hell hounds (Lair:6)
  A hydra simulacrum (Lair:2)
  7 porcupines
  16 black bears
  3 sky beasts
  44 orc warriors
  A necrophage (D:8)
  16 ice beasts
  4 phantoms
  22 wolves
  4 boggarts (Depths:1)
  An eye of draining (D:11)
  10 ogres
  8 centaurs
  11 crocodiles
  4 big kobolds
  19 bullfrogs
  A gnoll sergeant (D:4)
  A water moccasin zombie (D:8)
  6 scorpions
  2 jellies
  A water moccasin skeleton (D:8)
  A killer bee (shapeshifter) (Depths:1)
  3 killer bees (D:12)
  7 wights
  3 howler monkeys
  A quasit (D:8)
  6 crimson imps
  9 hounds
  5 centaur zombies
  5 bullfrog zombies
  21 orc priests
  A water moccasin simulacrum (Lair:2)
  3 bullfrog skeletons
  Jessica (D:3)
  3 iguanas
  36 orc wizards
  41 worker ants
  A polar bear simulacrum (D:13)
  4 yak simulacra (D:13)
  A killer bee zombie (D:10)
  A wolf simulacrum (D:13)
  2 bullfrog simulacra (Lair:2)
  A porcupine simulacrum (Lair:2)
  2 howler monkey zombies
  7 gnolls
  13 adders
  3 shadow imps
  An adder zombie (D:8)
  An adder skeleton (D:7)
  2 worms
  2 dart slugs
  12 leopard geckos
  70 orcs
  2 ball pythons (D:6)
  8 bats
  10 giant cockroaches
  9 goblins
  7 hobgoblins
  15 jackals
  13 kobolds
  5 quokkas
  6 frilled lizards
  A jackal skeleton (D:4)
  8 rats
  5 river rat simulacra (D:13)
  A fungus (Lair:2)
  5 plants
976 creatures vanquished.

Vanquished Creatures (others)
  A stone giant (Depths:1)
  A cyclops (D:14)
  A blink frog (Lair:4)
  2 orc warriors (Bailey)
  A centaur (D:13)
  14 orcs (Bailey)
  A fungus (Lair:5)
  18 plants
  6 toadstools (D:1)
45 creatures vanquished.

Grand Total: 1021 creatures vanquished

Notes
Turn   | Place    | Note
-------+----------+-------------------------------------------
     0 | D:1      | Delamore the Hill Orc Fighter began the quest for the Orb.
     0 | D:1      | Reached XP level 1. HP: 19/19 MP: 1/1
    26 | D:1      | Reached skill level 3 in Axes
   104 | D:1      | Reached XP level 2. HP: 24/26 MP: 2/2
   124 | D:1      | Reached skill level 4 in Axes
   736 | D:1      | Reached XP level 3. HP: 31/31 MP: 3/3
  1171 | D:2      | Reached skill level 5 in Axes
  1187 | D:2      | Found a glowing silver altar of Zin.
  1397 | D:2      | Reached XP level 4. HP: 37/39 MP: 4/4
  1728 | D:3      | Reached skill level 1 in Dodging
  1879 | D:3      | Found a burning altar of Makhleb.
  1882 | D:3      | Found a sparkling altar of Nemelex Xobeh.
  1885 | D:3      | Found a snail-covered altar of Cheibriados.
  1891 | D:3      | Reached skill level 6 in Axes
  1911 | D:3      | Reached XP level 5. HP: 38/45 MP: 5/5
  1925 | D:3      | Found a bloodstained altar of Trog.
  2037 | D:3      | Noticed Jessica
  2043 | D:3      | Killed Jessica
  2152 | D:3      | Reached skill level 7 in Axes
  2419 | D:4      | Reached XP level 6. HP: 37/51 MP: 3/6
  2629 | D:4      | Found Qyc Dewn's Assorted Antiques.
  2632 | D:4      | Bought a scorched glass ring for 145 gold pieces
  2632 | D:4      | Identified the ring "Dywk" {rPois rC+ SInv} (You bought it
                  | in a shop on level 4 of the Dungeon)
  2730 | D:4      | Reached skill level 8 in Axes
  2870 | D:5      | Entered Level 5 of the Dungeon
  2886 | D:5      | Found a basalt altar of Yredelemnul.
  2997 | D:5      | Noticed Prince Ribbit
  3024 | D:5      | Killed Prince Ribbit
  3024 | D:5      | Reached skill level 9 in Axes
  3024 | D:5      | Reached XP level 7. HP: 28/57 MP: 7/7
  3044 | D:5      | Found a staircase to the Ecumenical Temple.
  3139 | Temple   | Entered the Ecumenical Temple
  3201 | Temple   | Became a worshipper of Qazlal Stormbringer
  3624 | D:4      | Reached skill level 10 in Axes
  4397 | D:6      | Reached XP level 8. HP: 63/64 MP: 8/8
  4531 | D:6      | Reached skill level 11 in Axes
  4757 | D:6      | Reached skill level 12 in Axes
  5340 | D:7      | Noticed a hippogriff
  5349 | D:6      | Reached skill level 13 in Axes
  5349 | D:6      | Reached XP level 9. HP: 55/70 MP: 9/9
  5575 | D:7      | Reached skill level 14 in Axes
  5579 | D:7      | Reached * piety under Qazlal
  5980 | D:7      | Reached skill level 15 in Axes
  6311 | D:8      | Found Ilung's Armour Boutique.
  6354 | D:8      | Found an iron altar of Okawaru.
  6380 | D:8      | Noticed a two-headed ogre
  6398 | D:8      | Killed a two-headed ogre
  6398 | D:8      | Reached skill level 16 in Axes
  6398 | D:8      | Reached XP level 10. HP: 38/77 MP: 10/10
  7014 | D:8      | Found Rutodut's Gadget Boutique.
  7023 | D:8      | Reached ** piety under Qazlal
  7023 | D:8      | Reached skill level 17 in Axes
  7098 | D:8      | Identified the cursed +1 leather armour of Instinct {rN+}
  7403 | D:8      | Found a white marble altar of Elyvilon.
  7411 | D:8      | Noticed Erica
  7424 | D:8      | Killed Erica
  7424 | D:8      | Reached skill level 18 in Axes
  7717 | D:9      | Found a staircase to the Orcish Mines.
  7935 | D:9      | Noticed Harold
  7945 | D:9      | Killed Harold
  7945 | D:9      | Reached XP level 11. HP: 82/82 MP: 11/11
  7952 | D:9      | Reached skill level 19 in Axes
  7992 | D:9      | Reached *** piety under Qazlal
  8087 | D:9      | Found a sparkling altar of Nemelex Xobeh.
  8596 | D:9      | Found a staircase to the Lair.
  8738 | Lair:1   | Entered Level 1 of the Lair of Beasts
  8993 | Lair:1   | Noticed an oklob plant
  9069 | Lair:1   | Reached skill level 20 in Axes
  9604 | Lair:1   | Reached skill level 5 in Fighting
  9861 | Lair:1   | Killed an oklob plant
  9861 | Lair:1   | Reached skill level 5 in Armour
 10147 | D:4      | Bought a pair of distressingly furry boots for 275 gold
                  | pieces
 10152 | D:4      | Identified the cursed +0 pair of boots of the Guild-Master
                  | {rElec MR++ Dex+3} (You bought it in a shop on level 4 of
                  | the Dungeon)
 10317 | Lair:2   | Found a transporter.
 10686 | Lair:2   | Found a transporter.
 11331 | Lair:2   | Reached XP level 12. HP: 48/100 MP: 12/12
 11507 | Lair:2   | Identified a +1 pair of boots of running (You found it on
                  | level 2 of the Lair of Beasts)
 11526 | Lair:2   | Identified a scroll of acquirement
 11613 | Lair:3   | Found a hole to the Spider Nest.
 11649 | Lair:3   | Reached **** piety under Qazlal
 11970 | Lair:3   | Reached skill level 10 in Fighting
 12579 | Spider:1 | Entered Level 1 of the Spider Nest
 12592 | Spider:1 | Reached skill level 10 in Armour
 12595 | Spider:1 | Reached XP level 13. HP: 70/116 MP: 6/13
 13310 | Lair:4   | Found a staircase to the Shoals.
 13335 | Lair:4   | Noticed an entropy weaver
 13354 | Lair:4   | Killed an entropy weaver
 13710 | Lair:4   | Noticed an entropy weaver
 13719 | Lair:4   | Killed an entropy weaver
 13755 | Lair:4   | Reached ***** piety under Qazlal
 14484 | Lair:5   | Found a viscous altar of Jiyva.
 14484 | Lair:5   | Found a staircase to the Slime Pits.
 14777 | Slime:1  | Entered Level 1 of the Pits of Slime
 14999 | Lair:6   | Entered Level 6 of the Lair of Beasts
 15751 | Lair:6   | Reached XP level 14. HP: 130/130 MP: 14/14
 16514 | Lair:6   | Got a fine plate armour
 16525 | Lair:6   | Identified the +4 plate armour of Shielding {Str+3} (You
                  | found it on level 6 of the Lair of Beasts)
 16551 | Lair:6   | Found the +27 Lear's hauberk
 16617 | Lair:6   | Reached ****** piety under Qazlal
 16958 | Spider:1 | Reached skill level 15 in Fighting
 18670 | Spider:1 | Reached XP level 15. HP: 144/144 MP: 15/15
 19244 | Spider:1 | Reached skill level 15 in Armour
 19836 | Spider:2 | Noticed an emperor scorpion
 19843 | Spider:2 | Killed an emperor scorpion
 20212 | Spider:2 | Got a bloodstained short sword
 20237 | Spider:3 | Noticed Arachne
 20413 | Orc:1    | Entered Level 1 of the Orcish Mines
 20553 | Orc:2    | Entered Level 2 of the Orcish Mines
 20737 | Orc:2    | Found a staircase to the Elven Halls.
 20949 | Orc:2    | Noticed an orc warlord
 20953 | Orc:2    | Noticed Nergalle
 20972 | Orc:2    | Killed an orc warlord
 20973 | Orc:2    | Killed Nergalle
 21369 | Orc:2    | Found a roughly hewn altar of Beogh.
 21386 | Orc:2    | Found Jennonagh's Antique Weapon Boutique.
 21408 | Orc:2    | Found Cidwi's Book Boutique.
 21433 | Orc:2    | Found Xuniz's Antique Armour Boutique.
 21442 | Orc:2    | Bought a steaming ring mail for 270 gold pieces
 21452 | Orc:2    | Identified the +7 ring mail of the Tortoise {rC- Str+2
                  | Dex+3} (You bought it in a shop on level 2 of the Orcish
                  | Mines)
 21607 | Orc:2    | Found Sapiffuy's General Store.
 21613 | Orc:2    | Bought a scroll of identify for 22 gold pieces
 21761 | D:10     | Entered Level 10 of the Dungeon
 22500 | D:11     | Noticed Grum
 22512 | D:11     | Killed Grum
 22551 | D:11     | Noticed Sonja
 22676 | D:11     | Killed Sonja
 22699 | D:11     | Found a frozen archway.
 22722 | IceCv    | Entered an ice cave
 23022 | IceCv    | Got a jewelled chain mail
 23027 | IceCv    | Got faintly humming ice dragon scales
 23080 | D:11     | Noticed Urug
 23094 | D:11     | Killed Urug
 23489 | D:11     | Found a runed translucent door.
 23489 | D:11     | Noticed Ofeo's ghost (journeyman DDFi)
 23489 | D:11     | Identified the +8 great mace of Salumm {antimagic, rF+
                  | Dex+5}
 23492 | D:11     | Found a runed translucent door.
 23494 | D:11     | Noticed a lich
 23680 | D:11     | Identified the cursed +0 chain mail of Impermeability
                  | {rElec rPois Dex-4 Stlth+} (You found it in an ice cave)
 23691 | D:11     | Identified the cursed +0 ice dragon scales "Uvoid" {rF-
                  | rC++ Dex+7} (You found it in an ice cave)
 23818 | D:12     | Found Femuipt's Antique Weapon Boutique.
 23858 | D:12     | Found a flagged portal.
 23864 | Bailey   | Entered a bailey
 24432 | D:12     | Reached XP level 16. HP: 140/157 MP: 16/16
 24978 | D:13     | Noticed Kirke
 24994 | D:12     | Killed Kirke
 24994 | D:12     | Reached skill level 1 in Evocations
 25511 | D:13     | Found a runed translucent gate.
 25511 | D:13     | Found a runed translucent gate.
 25511 | D:13     | Found a runed translucent gate.
 25512 | D:13     | Noticed Vulpy's ghost (journeyman MiBe)
 25514 | D:13     | Found the macabre finger necklace {rN+}
 25541 | D:13     | Found a gate to the Vaults.
 25574 | D:13     | Found an iron altar of Okawaru.
 25800 | D:13     | Paralysed by an orc sorcerer for 5 turns
 26435 | D:13     | Found a roughly hewn altar of Beogh.
 27009 | D:13     | Killed Vulpy's ghost
 27819 | D:15     | Entered Level 15 of the Dungeon
 27827 | D:15     | Noticed Louise
 27831 | D:15     | Cast into level 3 of the Abyss (Louise)
 27837 | Abyss:3  | Found a corrupted altar of Lugonu.
 27847 | D:15     | Escaped the Abyss
 27847 | D:15     | Noticed Jorgrun
 27859 | D:14     | Reached skill level 5 in Dodging
 27969 | D:15     | Killed Jorgrun
 28573 | D:15     | Killed Louise
 28646 | D:15     | Reached skill level 5 in Evocations
 28767 | D:15     | Reached XP level 17. HP: 143/166 MP: 21/21
 28796 | D:15     | Found a burning altar of Makhleb.
 28958 | D:15     | Reached skill level 21 in Axes
 29155 | D:15     | Found a staircase to the Depths.
 29257 | Depths:1 | Entered Level 1 of the Depths
 29719 | Depths:1 | Found a one-way gate to the infinite horrors of the Abyss.
 30118 | Depths:1 | Found a gateway to Hell.
 30473 | Depths:1 | Found a glowing golden altar of the Shining One.
 30508 | Depths:2 | Paralysed by a great orb of eyes for 6 turns
 30513 | Depths:2 | Demolished by an ettin

Levels and vault maps discovered:
D:1:      co_arrival_random_square_maze, layout_basic, minmay_gold_behind_fungi
D:2:      layout_loops_cross, lemuel_doored_altar, first_ration
D:3:      layout_loops_ring, grunt_temple_overflow_cloverleaf, uniq_jessica
D:4:      layout_rooms, serial_shops, kennysheep_mini
D:5:      layout_layer_cave, minmay_temple_entry_proselytizer, basic_altar,
          uniq_prince_ribbit1
D:6:      layout_gridville
D:7:      layout_basic
D:8:      layout_loops_cross, okawaru_gym_becter, elyvilon_altar_3,
          serial_shops, nicolae_shop_window_shopping, kennysheep_small_circle,
          uniq_erica
D:9:      layout_roguey, minmay_lair_entry_grove, orc_0_dummy, basic_altar,
          uniq_harold
D:10:     layout_loops_ring, hangedman_ranch [blue_anna_fruit_fields],
          minivault_20
D:11:     layout_cave_pools, muffindrake_ghost_dual_entry,
          portal_ice_cave_entry_ice_beasts, uniq_urug, uniq_grum, uniq_sonja
D:12:     layout_loops_cross, serial_shops, shop, enter_bailey_3
D:13:     orc_temple, layout_long_grid, david_vaults_2,
          gammafunk_ghost_hydra_chop, basic_altar, abandoned_shop,
          eino_house_with_fridge, uniq_kirke
D:14:     layout_irregular_city, minmay_misc_feat_columns
D:15:     grunt_enter_depths_hoard, layout_irregular_city, basic_altar,
          minmay_fountain_box, uniq_louise, uniq_jorgrun
Temple:   regret_index_temple_waves
Lair:1:   layout_regular_city, grunt_megastairs_2, minmay_lair_oklob_chamber
Lair:2:   gammafunk_cloud_chamber, layout_cave_pods,
          nicolae_quartered_pool_medium, serial_bayou_shore_b
Lair:3:   layout_cave_pods, nicolae_spider_entry_non_spiders,
          bobbens_dragon_lair_wall, infiniplex_staircase_pool
Lair:4:   layout_gridlike, minmay_shoals_entry_beasts, zaba_anthell
Lair:5:   layout_misc_corridors, slime_altar_1
Lair:6:   hangedman_lair_caniforms_friends, layout_gridlike, grunt_megastairs_5
Spider:1: layout_chambers, guppyfry_spider_mini_3
Spider:2: layout_spider_delve, einodemon_crawler_minivault
Spider:3: layout_spider_delve, uniq_arachne, uniq_agnes
Slime:1:  layout_caves
Orc:1:    layout_caves, special_room [special_room_orc],
          nicolae_orc_pool_cavern, roderic_batcave
Orc:2:    grunt_orc_cross, layout_diamond_mine
Depths:1: layout_gridville, enter_ziggurat_b, abyss_entry, hellmouth_1,
          lemuel_statue_altar, serial_bayou_shore_a
Depths:2: kennysheep_ambush_hall, layout_cave_pools, grunt_hell_horde,
          infiniplex_staircase_spiral, uniq_enchantress

Skill      XL: |  1  2  3  4  5  6  7  8  9 10 11 12 13 14 15 16 17 |
---------------+----------------------------------------------------+-----
Axes           | 3 4 5 6 7 9 10 13 16 18 20 21 | 21.4
Dodging        | 1 2 3 5 7 |  7.2
Fighting       | 7 11 13 16 17 18 | 18.4
Armour         | 6 10 12 14 16 17 | 17.1
Evocations     | 5 7 |  7.5
Stealth        | |  0.6
Shields        | |  3.2

Action                   |  1- 3 |  4- 6 |  7- 9 | 10-12 | 13-15 | 16-18 || total
-------------------------+-------+-------+-------+-------+-------+-------++-------
Melee: War axe           |   130 |   243 |   314 |   341 |       |       ||  1028
       Battleaxe         |       |       |       |   233 |  1191 |   635 ||  2059
Throw: Stone             |       |       |     1 |       |       |       ||     1
Invok: Elemental Force   |       |       |       |     1 |       |       ||     1
Evoke: Wand              |       |       |       |     1 |     6 |     1 ||     8
  Use: Scroll            |       |     9 |     3 |     9 |    13 |     2 ||    36
       Potion            |       |     1 |     1 |     4 |       |     2 ||     8
 Stab: Held in net/web   |       |       |       |     4 |       |       ||     4
       Paralysed         |       |       |       |       |     2 |       ||     2
  Eat: Chunk             |     2 |     5 |    12 |    12 |    29 |     8 ||    68
       Ration            |       |       |       |     2 |     3 |     3 ||     8
Armor: Scale mail        |    74 |   101 |    68 |     6 |       |     1 ||   250
       Plate armour      |       |       |       |   176 |   524 |   327 ||  1027
Dodge: Dodged            |    49 |    66 |    69 |    89 |   312 |   176 ||   761
       Deflected         |       |       |       |     3 |    22 |    11 ||    36
Block: Shield            |    70 |   121 |   224 |   238 |       |       ||   653
       Reflection        |       |       |     5 |     7 |    57 |    31 ||   100
       Other             |       |       |       |    78 |   644 |   317 ||  1039
